Alo, lawful female human Knight ------------- |..........*| ----- |...........| |...| #-...........| |....#######------------ ###|...........| #-...| #..>........| -------- # ------------- #----- |..........|##### -......| ### ### ## +...........###### |......| # # # |..........|###%####.......| ----- ### ### # ------------# ##|......| |...| # ##################### #-.....<| |...-#### ## # ----+--- |...| -------.------# |....# |............-# |...|##############.............|dd ----- |............+@ -------------- Alo the Esquire Experience level: 4 Strength: 14 Dexterity: 10 Constitution: 12 Intelligence: 8 Wisdom: 14 Charisma: 18 Health: 0(34) Energy: 22(22) Def: 8 Gold: 695 Moves: 2151 Dungeon seed: qpScuvdY7-OSZ5du Game ID: Alo_1480364822 Your Inventory: Coins $ - 695 gold pieces Weapons a - a thoroughly corroded +1 long sword (weapon in hand) b - a +1 lance Armor e - an uncursed +1 ring mail (being worn) n - an uncursed +0 helmet (being worn) q - an uncursed +0 small shield (being worn) r - an uncursed +0 pair of leather gloves (being worn) y - an uncursed +0 cloak of displacement (being worn) N - an uncursed +0 cloak of invisibility Comestibles c - 8 uncursed apples d - 12 uncursed carrots A - 2 uncursed food rations Scrolls h - an uncursed scroll of scare monster k - an uncursed scroll of enchant weapon l - a blessed scroll of create monster x - an uncursed scroll of teleportation Potions w - an uncursed potion of gain energy C - an uncursed potion of oil Wands f - a wand of light (0:13) Tools g - an uncursed bell B - an uncursed saddle Gems z - an uncursed fluorite stone Spells and supernatural/magical abilities: Name Level Category Fail Memory W - pray for help -- divine ? -- X - turn undead -- divine ? -- Y - supernatural jump -- ability ? -- Your skills at the end: Fighting Skills riding [Basic] Weapon Skills long sword [Basic] lance [Basic] Spellcasting Skills Final Attributes: You were piously aligned. You were displaced. You could jump. You are dead. Vanquished creatures: a rock piercer a pony a shrieker a kobold lord an iguana 2 acid blobs 2 coyotes a giant rat a cave spider 3 geckos 4 jackals a fox a kobold a goblin 2 sewer rats 5 grid bugs 4 lichens 2 newts 34 creatures vanquished. Voluntary challenges: You used a wielded weapon 57 times, starting on turn 68. You read items or engraved 18 times, starting on turn 1985. You never genocided any monsters. You never polymorphed an object. You never changed form. You used no wishes. You never split a pudding. You wrote Elbereth's name 18 times, starting on turn 1985. You never violated your personal moral code. Dungeon overview: The Dungeons of Doom: levels 1 to 5 Level 1 a fountain a long staircase Level 2 an armor shop, a fountain Level 3 a fountain, a sink a long staircase Level 4 some fountains Level 5 <- You were here History has recorded: On T:1 you entered the Dungeons of Doom to retrieve the Amulet of Yendor! On T:314 you reached level 2 of The Dungeons of Doom. On T:576 you advanced to experience level 2. On T:843 you reached level 3 of The Dungeons of Doom. On T:1422 you reached level 4 of The Dungeons of Doom. On T:1436 you advanced to experience level 3. On T:1740 you reached level 5 of The Dungeons of Doom. On T:2066 you advanced to experience level 4. Score breakdown: Gold: 695 ( 9669 points) Experience: 4 levels ( 9649 points) Exploration: 5 levels ( 10.42%) ( 8751 points) Discoveries: 1 item ( 0.41%) ( 1912 points) Valuables value: (no points given unless you survive) Artifact value: 0 ( 0 points) Variety of kills: 18 monsters ( 4.72%) ( 6520 points) Turncount: 2151 turns ( -108 points) Survival: died (score multiplied by 80%) Total score: 29114 Latest messages: The jackal bites! The werejackal misses. You hit the werejackal! The jackal bites! The werejackal bites! You hit the werejackal. The jackal misses. The werejackal misses. The jackal bites! The werejackal bites! You miss the werejackal. The jackal bites! The werejackal bites! You hit the werejackal. The jackal bites! The werejackal bites! You hit the werejackal. The jackal bites! The werejackal bites! The jackal misses. The werejackal bites! You die... Final status: Fare thee well Alo the Knight, killed by a werejackal... You died in The Dungeons of Doom on dungeon level 5 with 29114 points, and 695 pieces of gold, after 2151 moves. You were level 4 with a maximum of 34 hit points when you died.